Map: Caverne nascoste

Players

LRG

  • Race: Terran Terran

Domoflex

  • Race: Terran Terran

Chocobo

  • Race: Terran Terran
  • League: Bronze

pitch

  • Race: Terran Terran

Mat

  • Race: Terran Terran

YuriHell

  • Race: Terran Terran

Jhyrachy

  • Race: Zerg Zerg
  • League: Gold

AndreasHorn

  • Race: Terran Terran

VOD

Have the link to the VOD?

Description

Time

  • Played on: April 13, 2016, 2:53 p.m.
  • Length: 6:46
Show
View Real Time Build Order
Export as new Build Order

LRG Terran 

Build Orders:  

Get SALT Encoding   

  12  0:02  SCV  
  13  0:14  SCV  
  14  0:27  SCV  
  15  0:37  Supply Depot  
  15  0:43  Refinery  
  15  1:01  Barracks  
  15  1:12  Barracks  
  15  1:13  Barracks  
  15  1:24  SCV  
  16  1:36  SCV  
  17  1:49  Barracks Reactor, SCV  
  18  1:57  Supply Depot  
  18  2:00  Barracks Reactor  
  18  2:01  SCV  
  19  2:05  Barracks Reactor  
  19  2:08  Supply Depot  
  19  2:26  Marine x2  
  19  2:28  Orbital Command  
  21  2:36  Marine x2  
  23  2:42  Marine x2  
  23  2:44  Marine x2  
  27  2:54  Marine x2  
  29  3:00  Engineering Bay  
  29  3:03  Marine  
  29  3:04  Marine x2  
  32  3:08  Marine  
  32  3:11  Marine  
  34  3:47  Marine x5  
  39  4:54  Command Center  
  39  5:18  Marine x3  
  39  6:06  Marine x6  
  39  6:09  Orbital Command  
  45  6:13  SCV  
  45  6:16  Refinery  
  46  6:23  Marine x6, Barracks x2  
  52  6:42  Supply Depot  
  52  6:43  Supply Depot  
  52  6:45  Supply Depot  
Show
View Real Time Build Order
Export as new Build Order

Domoflex Terran 

Build Orders:  

Get SALT Encoding   

  12  0:03  SCV  
  13  0:15  SCV  
  14  0:25  Supply Depot  
  14  0:27  SCV  
  15  0:46  SCV  
  15  0:48  Barracks  
  16  0:58  SCV  
  17  1:04  Barracks  
  17  1:11  SCV  
  18  1:14  Barracks  
  18  1:21  Refinery  
  18  1:23  SCV  
  19  1:32  Supply Depot  
  19  1:40  Marine  
  20  1:49  SCV  
  20  1:52  Marine  
  22  1:55  Supply Depot  
  22  2:01  Marine  
  23  2:02  Marine  
  24  2:10  Marine  
  25  2:18  Marine  
  25  2:19  Supply Depot  
  25  2:20  Marine  
  27  2:28  Marine  
  28  2:36  Marine  
  29  2:38  Marine  
  29  2:42  Supply Depot  
  30  2:53  Barracks Reactor  
  30  2:56  Barracks Reactor  
  30  2:58  Barracks Reactor  
  30  3:12  Supply Depot  
  30  3:14  Orbital Command  
  30  3:34  Marine  
  30  3:35  Marine  
  30  3:36  Marine  
  30  3:37  Marine  
  30  3:40  Marine  
  30  3:41  Marine  
  36  3:52  Marine x2  
  36  3:54  Marine x2  
  40  3:58  Marine x2  
  40  4:00  Supply Depot  
  42  4:10  Marine x2  
  42  4:12  Marine x2  
  42  4:16  Marine x2  
  46  5:09  Marine x5  
  46  5:10  Marine  
  50  5:18  Factory  
  50  5:27  Marine x5  
  43  5:59  Marine x3  
  43  6:00  Marine x3  
  49  6:06  Starport, Factory Tech Lab  
  49  6:12  Refinery  
  49  6:17  Marine x5  
  54  6:20  Marine  
Show
View Real Time Build Order
Export as new Build Order

Chocobo Terran 

Build Orders:  

Get SALT Encoding   

  12  0:01  SCV  
  13  0:13  SCV  
  14  0:25  SCV  
  15  0:42  Supply Depot  
  15  1:03  SCV  
  16  1:11  Barracks  
  16  1:15  SCV  
  16  1:16  Barracks  
  17  1:24  Supply Depot  
  17  1:28  SCV  
  18  1:40  SCV  
  19  1:47  Barracks  
  19  1:51  Refinery  
  19  1:52  SCV  
  20  1:56  Refinery  
  20  2:00  Marine  
  21  2:05  Marine  
  22  2:14  Orbital Command  
  23  2:22  Marine  
  23  2:29  Barracks Tech Lab  
  23  2:40  Marine  
  23  2:41  Barracks Reactor  
  24  2:47  Supply Depot  
  24  3:01  Combat Shields  
  25  3:11  Barracks Reactor  
  24  3:14  Marine  
  25  3:20  Marine x2  
  27  3:29  Supply Depot  
  27  3:32  Marine  
  28  3:38  Marine x2  
  30  3:49  Marine  
  31  3:55  Marine x2  
  31  4:13  Marine x2  
  27  4:32  Marine x5  
  32  4:43  Factory  
  32  4:48  Supply Depot  
  32  4:50  Marine x5  
  37  5:07  Marine x2  
  39  6:01  Starport, Factory Tech Lab  
  39  6:06  Supply Depot  
  39  6:09  Engineering Bay  
  39  6:19  Marine x2  
  39  6:20  Marine  
  42  6:29  Command Center  
Show
View Real Time Build Order
Export as new Build Order

pitch Terran 

Build Orders:  

Get SALT Encoding   

  12  0:02  SCV  
  13  0:14  SCV  
  13  0:20  Supply Depot  
  14  0:29  SCV  
  15  0:41  SCV  
  16  0:44  Barracks  
  16  0:55  Barracks  
  16  0:56  SCV  
  17  1:09  SCV  
  17  1:10  Supply Depot  
  18  1:21  SCV  
  19  1:28  Barracks  
  19  1:33  Marine  
  20  1:42  Refinery  
  20  1:43  Marine  
  21  1:48  Refinery  
  21  1:51  Marine  
  22  1:58  Orbital Command  
  22  2:03  Supply Depot  
  22  2:09  Marine  
  23  2:17  Marine  
  24  2:23  SCV  
  24  2:26  Marine  
  24  2:28  Marine  
  27  2:35  Marine  
  28  2:44  Marine  
  28  2:48  Barracks Tech Lab  
  29  2:52  Marine  
  29  2:53  SCV  
  31  3:00  Supply Depot  
  31  3:01  Marine  
  32  3:08  Marine  
  32  3:10  Marine, Combat Shields  
  32  3:11  SCV  
  35  3:18  Engineering Bay  
  35  3:19  Marine  
  36  3:26  Marine  
  37  3:28  Marine  
  38  3:37  Marine  
  39  3:44  Marine  
  39  3:46  Marine  
  40  3:55  Marine  
  38  4:01  Marine  
  38  4:04  Marine  
  39  4:10  SCV  
  39  4:13  Marine  
  39  4:16  Supply Depot  
  40  4:19  Marine  
  40  4:22  Marine  
  42  4:31  Marine  
  43  4:37  Marine, SCV  
  45  4:39  Marine  
  45  4:43  Factory  
  46  4:48  Marine  
  47  4:55  Marine  
  47  4:57  Marine  
  49  5:06  Marine  
  50  5:13  Marine  
  51  5:15  Marine  
  52  5:24  Marine  
  53  5:30  Marine  
  53  5:33  Marine  
  55  5:44  Factory Tech Lab  
  55  5:47  Starport  
  55  5:49  Supply Depot  
  55  5:52  Barracks Reactor  
  55  5:56  Supply Depot  
  55  6:10  Marine x2  
  57  6:13  Command Center  
  57  6:18  SCV  
  57  6:23  Starport Reactor  
  57  6:25  Starport  
  57  6:32  SCV  
  47  6:33  Supply Depot  
  47  6:34  Supply Depot  
Show
View Real Time Build Order
Export as new Build Order

Mat Terran 

Build Orders:  

Get SALT Encoding   

  12  0:02  SCV  
  13  0:14  SCV  
  14  0:26  SCV  
  15  0:39  Supply Depot  
  15  0:46  Refinery  
  15  1:01  SCV  
  16  1:06  Barracks  
  16  1:13  SCV  
  17  1:25  SCV  
  18  1:37  SCV  
  19  1:48  Refinery  
  19  1:49  SCV  
  19  1:50  Command Center  
  19  1:54  Barracks Tech Lab  
  20  2:03  Barracks  
  20  2:08  SCV  
  21  2:20  SCV  
  22  2:35  Marine  
  23  2:39  Orbital Command  
  23  2:51  Engineering Bay  
  23  2:59  Barracks Reactor  
  23  3:02  Marine  
  24  3:07  SCV  
  24  3:10  SCV  
  26  3:19  SCV  
  27  3:22  SCV  
  28  3:31  SCV  
  29  3:39  Marine x2  
  31  3:43  SCV  
  30  3:48  Marine  
  31  3:58  Marine  
  26  4:03  Marine  
  24  4:20  Marine  
  21  5:10  Refinery  
  21  5:14  Refinery  
  21  5:25  Supply Depot  
  21  5:34  Engineering Bay  
  21  5:48  Supply Depot  
  21  6:00  SCV  
  22  6:12  SCV  
  23  6:19  Barracks  
  23  6:23  Barracks  
  23  6:24  SCV  
Show
View Real Time Build Order
Export as new Build Order

YuriHell Terran 

Build Orders:  

Get SALT Encoding   

  12  0:02  SCV  
  13  0:14  SCV  
  14  0:26  SCV  
  15  0:38  Supply Depot  
  15  0:50  Refinery  
  15  0:53  Refinery  
  15  1:00  SCV  
  15  1:04  Barracks  
  16  1:12  SCV  
  16  1:14  Supply Depot  
  17  1:24  SCV  
  18  1:31  Engineering Bay  
  18  1:36  SCV  
  19  1:50  Supply Depot  
  19  1:59  Marine  
  20  2:12  Missile Turret  
  20  2:17  Marine  
  20  2:21  Bunker  
  21  2:38  Missile Turret  
  21  2:39  Missile Turret  
  21  2:43  SCV  
  22  2:54  Factory  
  22  2:56  SCV  
  23  3:11  Missile Turret  
  23  3:23  Orbital Command  
  23  3:27  Hi-Sec Auto Tracking  
  23  3:38  Factory Tech Lab  
  21  4:00  Siege Tank  
  22  4:13  SCV  
  23  4:23  Supply Depot  
  23  4:48  Siege Tank, SCV  
  27  5:01  SCV  
  28  5:13  SCV  
Show
View Real Time Build Order
Export as new Build Order

Jhyrachy Zerg 

Build Orders: 3 Hatch before Pool 

Get SALT Encoding   

  12  0:02  Drone  
  13  0:10  Drone  
  14  0:17  Overlord  
  14  0:36  Extractor  
  14  0:51  Drone  
  14  0:52  Hatchery  
  14  1:18  Drone x3  
  17  1:33  Hatchery  
  16  1:48  Spawning Pool  
  16  1:49  Drone x2, Extractor  
  16  1:59  Overlord  
  16  2:03  Drone  
  17  2:16  Drone  
  17  2:17  Drone x2  
  20  2:29  Overlord  
  20  2:40  Queen  
  20  2:41  Queen  
  24  2:56  Queen  
  24  2:57  Drone x2  
  28  3:05  Drone x2  
  30  3:06  Drone  
  31  3:24  Lair  
  31  3:28  Drone x4  
  35  3:37  Drone  
  35  3:38  Drone x2  
  35  3:40  Drone x2  
  40  4:27  Zergling x2  
  40  4:28  Zergling x2  
  40  4:29  Overlord x4  
  42  4:51  Zergling x2  
  42  4:52  Zergling x6  
  46  4:53  Zergling x22  
  57  5:09  Metabolic Boost  
  57  5:13  Overlord x5  
  57  5:15  Zergling x8  
  57  5:16  Zergling x8  
  65  5:31  Evolution Chamber  
  55  6:05  Zergling x22  
  55  6:06  Zergling x6  
  69  6:16  Spine Crawler  
  68  6:18  Spine Crawler  
Show
View Real Time Build Order
Export as new Build Order

AndreasHorn Terran 

Build Orders:  

Get SALT Encoding   

  12  0:11  Supply Depot  
  12  0:14  SCV  
  13  0:26  SCV  
  14  0:28  Refinery  
  14  0:35  Refinery  
  14  0:39  SCV  
  15  0:56  Barracks  
  15  0:58  SCV  
  16  1:10  SCV  
  17  1:23  SCV  
  18  1:35  SCV  
  19  1:41  Supply Depot  
  19  1:47  Barracks Reactor  
  19  1:49  Factory  
  19  1:51  SCV  
  20  2:22  Command Center  
  20  2:25  SCV  
  21  2:32  Factory Tech Lab  
  21  2:36  Marine  
  22  2:38  Marine  
  23  2:50  Starport  
  23  2:53  SCV  
  24  3:06  Marine x2, SCV  
  27  3:18  Siege Tank  
  30  3:29  Supply Depot, SCV  
  31  3:36  SCV  
  31  3:40  Refinery  
  32  3:43  Starport Tech Lab  
  32  3:57  Engineering Bay  
  32  4:02  Engineering Bay  
  24  4:30  Siege Tank  
  27  4:32  Marine x2  
  25  4:50  Marine x2  
    5:42  SCV  
  1  5:54  SCV  
  2  6:06  SCV  
  3  6:19  SCV  
  4  6:31  SCV  
  5  6:38  Supply Depot  
Tags
 
Add a new tag
Caveats
  • Supply blocks, unpowered buildings, or Contaminate may cause inaccurate times.
  • Supply counts are checked every 10 seconds.